 Dungeon Crawl Stone Soup version 0.30.1-4-g462c640d31 (webtiles) character file.

Game seed: 11819763360232594630

25 lonewolfV2 the Trooper (level 2, -4/24 HPs)
             Began as a Demonspawn Fighter on Aug 25, 2023.
             Killed by nerve-wracking pain
             ... invoked by Jessica
              (10 damage)
             ... on level 2 of the Dungeon.
             The game lasted 00:01:10 (826 turns).

lonewolfV2 the Trooper (Demonspawn Fighter)          Turns: 826, Time: 00:01:11

Health: -4/24      AC:  7    Str: 16    XL:     2   Next: 82%
Magic:  2/2        EV:  8    Int:  9    God:
Gold:   73         SH:  4    Dex: 12    Spells: 1/1 levels left

rFire   . . .        a - +0 war axe
rCold   . . .        c - +0 buckler
rNeg    . . .        b - +0 scale mail
rPois   .            (no helmet)
rElec   .            (no cloak)
rCorr   .            (no gloves)
SInv    .            (no boots)
Will    .....        (no amulet) Stlth
                     (no ring)
HPRegen 0.24/turn    (no ring)
MPRegen 0.08/turn

%: no passive effects
@: weak-willed, slowed, very slow
A: rugged brown scales 1
a: no special abilities


You were on level 2 of the Dungeon.
You visited 1 branch of the dungeon, and saw 2 of its levels.

You collected 73 gold pieces.

Inventory:

Hand Weapons
 a - a +0 war axe (weapon)
Armour
 b - a +0 scale mail (worn)
 c - a +0 buckler (worn)
Potions
 d - a potion of might
 g - a potion of curing {unknown}
 m - a potion of haste {unknown}
 n - 2 potions of flight


   Skills:
 + Level 3.4 Fighting
 + Level 2.1 Axes
 + Level 3.0 Armour
 + Level 2.8 Shields


You had one spell level left.
You didn't know any spells.
Your spell library was empty.

Dungeon Overview and Level Annotations

Branches:
Dungeon (2/15)

Altars:

Shops:
D:1 [

Annotations:
D:2 Jessica


Innate Abilities, Weirdness & Mutations

You are partially covered in rugged brown scales. (AC +1, +3% HP)


Message History

As you read the scroll labelled YMITTA NASYU, it crumbles to dust.
The scroll dissolves into smoke.
It was a scroll of fog.
As you read the scroll labelled POUSI GASOGO, it crumbles to dust.
Magic quickly surges around you.
It was a scroll of vulnerability.
As you read the scroll labelled YQIEPLIHERIG, it crumbles to dust.
You feel aware of your surroundings.
It was a scroll of magic mapping.
As you read the scroll labelled NOROXI YGAMIJAMNUH, it crumbles to dust.
You feel strangely unstable.
It was a scroll of teleportation.
As you read the scroll labelled CADAS YGGOSTRI, it crumbles to dust.
You hear a loud clanging noise!
It was a scroll of noise.
You hear an angry hiss. x2
You aren't carrying any scrolls.
You start waiting.
Your surroundings suddenly seem different.
Jessica and a bat come into view.
Found 5 stones, a spear, 9 gold pieces and a leather armour.
Jessica points at you and mumbles some strange words.
Pain shoots through your body!
There are monsters nearby!
You slash the bat!
You kill the bat!
Jessica gestures at you while chanting.
You feel yourself slow down. Jessica gestures at you while chanting.
Pain shoots through your body!
Ouch! That really hurt!
Found a stone staircase leading up.
You see here a bat corpse.
Jessica hits you with a +3 club.
You see here a bat corpse.
You hit Jessica.
Jessica is heavily wounded.
Jessica hits you with a +3 club.
* * * LOW HITPOINT WARNING * * *
Jessica mumbles some strange words.
Jessica blinks!
Jessica casts a spell at you. Pain shoots through your body!
You die...

* *,***** * *,,,,,* *
**#***#,* * *,..###.*
* ***,#[.$#.*
*,,,,,....#*
*,*,**,,...*
*,,,,,,,##)##########
***,***,#@.@†......<#
*,* *,#..##########
*,**#....* *,......#*
**######*


You could see Jessica.

Vanquished Creatures
  3 endoplasms
  A giant cockroach (D:1)
  2 jackals (D:1)
  3 ball pythons (D:1)
  5 bats
  4 goblins (D:1)
  2 kobolds (D:1)
  4 rats (D:1)
24 creatures vanquished.

Notes
Turn   | Place    | Note
-------+----------+-------------------------------------------
     0 | D:1      | lonewolfV2 the Demonspawn Fighter began the quest for the
                  | Orb.
     0 | D:1      | Reached XP level 1. HP: 18/18 MP: 1/1
   211 | D:1      | Gained mutation: You are partially covered in rugged brown
                  | scales. (AC +1, +3% HP) [demonic ancestry]
   211 | D:1      | Reached XP level 2. HP: 18/24 MP: 2/2
   261 | D:1      | Found Moeggut's Armour Emporium.
   820 | D:2      | Noticed Jessica
   826 | D:2      | Killed from afar by Jessica

Illustrated notes

Levels and vault maps discovered:
D:1:      minmay_arrival_floating_metal, layout_loops_ring, serial_shops,
          nicolae_shop_tiny_real_fake_doors
D:2:      layout_basic, uniq_jessica

Skill      XL: |  1  2 |
---------------+-------+-----
Axes           | 2 |  2.1
Armour         | 3 |  3.0
Fighting       | |  3.4
Shields        | |  2.8

Action                     || total
---------------------------++-------
  Melee: War axe           ||    57
    Use: Scroll            ||     7
 Armour: Scale mail        ||    42
  Dodge: Dodged            ||    27
  Block: Buckler           ||    17
